 Dungeon Crawl Stone Soup version 0.29.1-4-g47bece8355 (webtiles) character file.

Game seed: 8673978104957304493

71955 xSliceyx the Tortoise (level 14, -3/128 (140) HPs)
             Began as a Minotaur Fighter on Dec 5, 2022.
             Was a High Priest of Wu Jian.
             Shot with a bolt by an orc knight (19 damage)
             ... on level 2 of the Orcish Mines on Dec 6, 2022.
             The game lasted 01:57:17 (35789 turns).

xSliceyx the Tortoise (Minotaur Fighter)           Turns: 35789, Time: 01:57:18

HP:   -3/128 (140)  AC: 24    Str: 27    XL:     14   Next: 99%
MP:   13/13         EV: 13    Int:  5    God:    Wu Jian [*****.]
Gold: 1235          SH: 10    Dex: 13    Spells: 13/13 levels left

rFire   . . .      SeeInvis +   y - +5 broad axe
rCold   + . .      Faith    .   c - +0 buckler
rNeg    . . .      Spirit   .   W - +2 plate armour {rC+}
rPois   .          Reflect  +   S - +1 hat {Stlth+}
rElec   .          Harm     .   x - scarf {repulsion}
rCorr   .          Rampage  .   d - +0 pair of gloves of the Hot Ocelot {Dex+4 SInv}
Will    ++...                   f - +0 pair of boots
Stlth   ..........              I - amulet of reflection
HPRegen 0.31/turn               e - ring of willpower
MPRegen 0.13/turn               (no ring)

@: drained, repel missiles
A: horns 2, retaliatory headbutt
a: Renounce Religion, Wall Jump, Serpent's Lash, Heavenly Storm


You were on level 2 of the Orcish Mines.
You worshipped Wu Jian.
Wu Jian was extremely pleased with you.
You visited 4 branches of the dungeon, and saw 21 of its levels.
You also visited: Ice Cave.

You collected 1417 gold pieces.
You spent 182 gold pieces at shops.

Inventory:

Hand Weapons
 a - a +2 sling of freezing
 b - a +1 hand axe of venom
 y - a +5 broad axe (weapon)
 B - a +1 flail of holy wrath
 F - a +1 whip of electrocution
 P - a +0 long sword of flaming
 Y - a +3 vorpal war axe
Missiles
 M - a curare-tipped dart (quivered)
 N - a throwing net
Armour
 c - a +0 buckler (worn)
 d - the +0 pair of gloves of the Hot Ocelot (worn) {Dex+4 SInv}
   (You acquired it on level 1 of the Lair of Beasts)

   Dex:       It affects your dexterity (+4).
   SInv:      It lets you see invisible.
 f - a +0 pair of boots (worn)
 x - a scarf of repulsion (worn)
 L - a +2 chain mail of poison resistance
 S - a +1 hat of stealth (worn)
 W - a +2 plate armour of cold resistance (worn)
Jewellery
 e - a ring of willpower (left hand)
 I - an amulet of reflection (around neck)
Wands
 n - a wand of light (4)
 t - a wand of mindburst (3)
 u - a wand of digging (3)
 Q - a wand of iceblast (8)
 R - a wand of polymorph (3)
 T - a wand of flame (10)
 V - a wand of paralysis (4)
Scrolls
 g - a scroll of immolation {unknown}
 i - a scroll of poison
 j - 2 scrolls of blinking {unknown}
 o - 8 scrolls of teleportation
 p - 6 scrolls of fear
 q - 9 scrolls of fog
 s - 2 scrolls of magic mapping {unknown}
 v - 3 scrolls of vulnerability {unknown}
 w - a scroll of brand weapon {unknown}
 A - a scroll of silence {unknown}
 G - 3 scrolls of enchant armour {unknown}
 Z - a scroll of summoning {unknown}
Potions
 h - a potion of magic
 k - a potion of haste
 l - a potion of cancellation
 m - 4 potions of attraction
 r - 4 potions of curing
 z - a potion of ambrosia
 C - a potion of invisibility
 D - 3 potions of lignification
 H - a potion of flight
 J - a potion of resistance
 K - a potion of brilliance
 O - 2 potions of mutation
 X - a potion of heal wounds


   Skills:
 - Level 17.0 Fighting
 - Level 5.0 Axes
 + Level 17.6 Armour
 - Level 13.8 Dodging
 - Level 5.0 Shields
 - Level 11.0 Evocations


You had 13 spell levels left.
You didn't know any spells.
Your spell library contained the following spells:

 Spells                   Type           Power      Damage    Failure   Level
 Freeze                   Ice            0%         1d3       98%         1
 Magic Dart               Conj           0%         1d3       98%         1
 Necrotise                Necr           0%         1d4       98%         1
 Sandblast                Erth           0%         2d4       98%         1
 Call Imp                 Summ           0%         N/A       99%         2
 Passwall                 Tmut/Erth      0%         N/A       99%         2
 Static Discharge         Conj/Air       0%         3-3/arc   99%         2
 Dazzling Flash           Conj/Hex       0%         N/A       100%        3
 Frozen Ramparts          Ice            0%         1d1       100%        3
 Mephitic Cloud           Conj/Pois/Air  0%         N/A       100%        3
 Stone Arrow              Conj/Erth      0%         3d7       100%        3
 Vampiric Draining        Necr           0%         2d6       100%        3
 Hailstorm                Conj/Ice       0%         3d3       100%        4
 Summon Ice Beast         Ice/Summ       0%         N/A       100%        4
 Agony                    Necr           0%         N/A       100%        5
 Freezing Cloud           Conj/Ice/Air   0%         6-21      100%        5
 Lightning Bolt           Conj/Air       0%         1d11      100%        5
 Silence                  Hex/Air        0%         N/A       100%        5
 Malign Gateway           Summ/Tloc      0%         N/A       100%        7
 Maxwell's Capacitive Co  Air            0%         ∞         100%        8
 Summon Horrible Things   Summ           0%         N/A       100%        8
 Polar Vortex             Ice            0%         N/A       100%        9


Dungeon Overview and Level Annotations

Branches:
Dungeon (13/15)            Temple (1/1) D:7            Lair (5/5) D:10
  Swamp (0/4) Lair:3        Snake (0/4) Lair:2        Slime (0/5) Lair:4
    Orc (2/2) D:11          IceCv (visited)
    Elf: Orc:2       Vaults: D:13-14

Altars:
Ashenzari
Cheibriados
Dithmenos
Elyvilon
Fedhas
Gozag
Hepliaklqana
Kikubaaqudgha
Makhleb
Nemelex Xobeh
Okawaru
Qazlal
Ru
Sif Muna
Trog
Uskayaw
Vehumet
Wu Jian
Xom
Yredelemnul
Zin
The Shining One

Shops:
D:2 ?   D:8 =   Orc:2 !

Annotations:
D:10 2 transporters, exclusion: orange crystal statue, Mitcholas's ghost, journeyman DjCj
Lair:2 2 transporters, boopmooplesden's ghost, journeyman MiBe
Lair:5 2 runed translucent doors


Innate Abilities, Weirdness & Mutations

You have a pair of horns on your head.
You reflexively headbutt those who attack you in melee.


Message History

The orc knight unwields a +0 arbalest.
The orc knight wields a +0 great mace.
The orc knight closely misses you. You furiously retaliate!
You headbutt the orc knight!
There is an open door, spattered with blood here.
Items here: )) [[ ††.
You hit the orc knight but do no damage.
You headbutt the orc knight!
The orc knight is heavily wounded.
The orc knight hits you with a +0 great mace!
You hit the orc knight.
The orc knight is heavily wounded.
The orc knight hits you with a +0 great mace!!
You block the orc knight's attack.
You hit the orc knight. You headbutt the orc knight.
The orc knight is severely wounded.
The orc knight hits you with a +0 great mace!!
You slice the orc knight!!
The orc knight is almost dead.
The orc knight hits you with a +0 great mace!
* * * LOW HITPOINT WARNING * * *
The orc knight hits you with a +0 great mace.
* * * LOW HITPOINT WARNING * * *
You closely miss the orc knight. Your headbutt misses the orc knight.
The orc knight is almost dead.
The orc knight no longer looks unusually strong.
The orc knight barely misses you.
You closely miss the orc knight.
You headbutt the orc knight, but do no damage.
The orc knight is almost dead.
The orc knight hits you with a +0 great mace.
* * * LOW HITPOINT WARNING * * *
You hit the orc knight but do no damage.
The orc knight is almost dead.
You block the orc knight's attack.
The orc knight hits you with a +0 great mace!
* * * LOW HITPOINT WARNING * * *
The orc knight unwields a +0 great mace.
The orc knight wields a +0 arbalest.
The orc knight shoots a bolt.
The bolt hits you!!
You die...

##....#..##........###
####...###...<......#
##.###............ ###
#............
#............ ####
#...##......... ###..$
#### #######...
##.....#####
#.....#...
..$...o)@'.#
#...).#...
##.....###.#
#..⌠).'... ###$..
#.#####....)#... ####
#.#...#.....#..#
#.#...###'######
#.'._.)).....^..
###...#.##'###+#
#...#.#.).#
##+##.#.).#


You could see an orc knight.

Vanquished Creatures
  Kirke (Lair:5)
  Gastronok (D:8)
  An orc warlord (Orc:1)
  A frost giant (IceCv)
  Fannar (D:10)
  4 hydras
  6 two-headed ogres
  A catoblepas (Lair:5)
  11 death yaks
  Urug (Orc:1)
  A fire crab (Lair:5)
  A bog body (Lair:3)
  2 orc sorcerers
  3 orc knights (Orc:2)
  A deep elf pyromancer (D:12)
  3 ugly things
  3 cyclopes
  An ice statue (IceCv)
  5 elephants
  Joseph (D:7)
  2 molten gargoyles (Lair:5)
  3 black mambas
  9 cane toads
  Maggie (D:8)
  10 rime drakes
  An unseen horror (D:11)
  11 komodo dragons
  A kobold demonologist (D:12)
  A troll (D:12)
  Prince Ribbit (D:7)
  7 hornets
  7 polar bears
  11 slime creatures (D:12)
  4 dream sheep (Lair:3)
  32 blink frogs
  6 wyverns
  A vampire (D:9)
  2 wraiths (D:12)
  3 shadows
  53 yaks
  3 hogs (Lair:4)
  3 steam dragons
  9 basilisks
  2 vampire mosquitoes (D:11)
  3 wargs
  A swamp worm (Lair:3)
  6 nagas
  16 water moccasins
  An acid dragon (D:11)
  3 hell hounds (Lair:5)
  20 orc warriors
  6 sky beasts
  A black bear (D:6)
  2 ice beasts
  11 ogres
  12 wolves
  3 centaurs
  A phantom (D:6)
  5 kobold brigands
  15 bullfrogs
  A gnoll sergeant (D:5)
  2 scorpions
  A necrophage (D:5)
  3 wights (D:10)
  14 killer bees
  8 howler monkeys
  An electric eel (Lair:3)
  5 lava snakes (Lair:5)
  A gnoll bouda (D:8)
  4 hounds
  10 orc priests
  4 jellies
  3 iguanas
  Natasha (thrice) (D:3)
  14 orc wizards
  11 hell rats
  Robin (D:3)
  8 adders
  13 gnolls
  3 river rats (D:10)
  2 shadow imps (D:6)
  3 white imps
  2 ufetubi (D:6)
  A worm (D:3)
  A dart slug (D:4)
  76 orcs
  7 ball pythons
  5 endoplasms
  4 giant cockroaches
  20 goblins
  8 hobgoblins
  3 jackals (D:5)
  4 quokkas
  5 bats (D:2)
  5 frilled lizards
  29 kobolds
  A rat (D:10)
624 creatures vanquished.

Vanquished Creatures (others)
  A yak (IceCv)
  A kobold (D:7)
  28 fungi
  47 plants
77 creatures vanquished.

Grand Total: 701 creatures vanquished

Notes
Turn   | Place    | Note
-------+----------+-------------------------------------------
     0 | D:1      | xSliceyx the Minotaur Fighter began the quest for the Orb.
     0 | D:1      | Reached XP level 1. HP: 19/19 MP: 0/0
   354 | D:1      | Reached XP level 2. HP: 20/26 MP: 1/1
  1307 | D:2      | Reached XP level 3. HP: 25/31 MP: 2/2
  1429 | D:2      | Found Noucahi's Magic Scroll Shop.
  1516 | D:2      | Bought a scroll of identify for 26 gold pieces
  1516 | D:2      | Bought a scroll of fog for 52 gold pieces
  1687 | D:3      | Noticed Robin
  1858 | D:3      | Killed Robin
  1875 | D:3      | Reached XP level 4. HP: 38/39 MP: 3/3
  1889 | D:3      | Reached skill level 5 in Shields
  1988 | D:3      | Reached skill level 5 in Armour
  2114 | D:3      | Found a faded altar of an unknown god.
  2155 | D:3      | Noticed Natasha
  2175 | D:3      | Killed Natasha
  2363 | D:3      | Noticed Natasha
  2367 | D:3      | Killed Natasha
  2397 | D:3      | Noticed Natasha
  2404 | D:3      | Killed Natasha
  2405 | D:3      | Reached XP level 5. HP: 43/45 MP: 4/4
  2711 | D:4      | Reached XP level 6. HP: 41/51 MP: 5/5
  3169 | D:4      | Found a white marble altar of Elyvilon.
  3619 | D:5      | Entered Level 5 of the Dungeon
  3787 | D:5      | Reached skill level 5 in Fighting
  3954 | D:5      | Reached XP level 7. HP: 44/62 MP: 6/6
  4925 | D:6      | Found a bloodstained altar of Trog.
  4959 | D:6      | Reached XP level 8. HP: 47/75 MP: 7/7
  5250 | D:6      | Reached skill level 10 in Fighting
  6058 | D:6      | Found a blossoming altar of Fedhas.
  6258 | D:7      | Reached XP level 9. HP: 74/90 MP: 8/8
  6939 | D:7      | Found a staircase to the Ecumenical Temple.
  6939 | D:7      | Noticed Prince Ribbit
  6969 | D:7      | Killed Prince Ribbit
  6970 | D:7      | Reached skill level 5 in Axes
  6976 | Temple   | Entered the Ecumenical Temple
  6985 | Temple   | Became a worshipper of the Wu Jian Council
  7250 | D:7      | Noticed Joseph
  7264 | D:7      | Killed Joseph
  7532 | D:8      | Noticed Maggie
  7550 | D:8      | Killed Maggie
  7551 | D:8      | Reached skill level 10 in Armour
  7992 | D:8      | Reached XP level 10. HP: 101/101 MP: 9/9
  8096 | D:8      | Reached * piety under Wu Jian
  8380 | D:8      | Found Wuos's Jewellery Boutique.
  8417 | D:8      | Reached skill level 1 in Dodging
  8644 | D:8      | Noticed Gastronok
  8689 | D:8      | Killed Gastronok
  8846 | D:8      | Found a radiant altar of Vehumet.
  9788 | D:9      | Noticed a two-headed ogre
  9798 | D:9      | Killed a two-headed ogre
  9799 | D:9      | Reached XP level 11. HP: 89/107 MP: 8/10
 10174 | D:9      | Found an opulent altar of Gozag.
 10345 | D:9      | Noticed a two-headed ogre
 10362 | D:9      | Killed a two-headed ogre
 10694 | D:10     | Entered Level 10 of the Dungeon
 10724 | D:10     | Noticed a two-headed ogre
 10733 | D:10     | Killed a two-headed ogre
 10734 | D:10     | Reached skill level 10 in Dodging
 10896 | D:10     | Noticed a two-headed ogre
 11193 | D:10     | Reached ** piety under Wu Jian
 11374 | D:10     | Noticed a death yak
 11374 | D:10     | Noticed a death yak
 11795 | D:10     | Found a transporter.
 11797 | D:10     | Noticed Mitcholas's ghost (journeyman DjCj)
 11820 | D:10     | Found a staircase to the Lair.
 11827 | D:10     | Noticed a death yak
 11857 | D:9      | Killed a death yak
 12250 | D:10     | Killed a two-headed ogre
 12532 | D:10     | Found a transporter.
 12534 | D:10     | Noticed an orange crystal statue
 12568 | D:10     | Noticed a two-headed ogre
 13205 | D:10     | Noticed an acid blob
 13232 | D:10     | Noticed an iron giant
 13232 | D:10     | an acid blob changed into an iron giant
 13460 | D:11     | Found a staircase to the Orcish Mines.
 13496 | D:11     | Noticed a white ugly thing
 13527 | D:11     | Killed a white ugly thing
 13951 | D:11     | Noticed a two-headed ogre
 13965 | D:11     | Killed a two-headed ogre
 14288 | D:11     | Reached XP level 12. HP: 115/115 MP: 11/11
 14939 | D:10     | Noticed an iron dragon
 14939 | D:10     | an iron giant changed into an iron dragon
 14958 | Lair:1   | Entered Level 1 of the Lair of Beasts
 15352 | Lair:1   | Identified a scroll of acquirement
 15353 | Lair:1   | Acquired the +0 pair of gloves of the Hot Ocelot {Dex+4
                  | SInv}
 15372 | Lair:1   | Noticed Fannar
 15401 | D:10     | Killed Fannar
 16068 | D:10     | Killed a death yak
 16070 | D:10     | Killed a death yak
 16985 | Lair:1   | Reached *** piety under Wu Jian
 17431 | Lair:1   | Noticed a six-headed hydra
 17441 | Lair:1   | Killed a one-headed hydra
 17442 | Lair:1   | Reached skill level 15 in Armour
 18799 | Lair:2   | Paralysed by a hornet for 1 turns
 18902 | Lair:2   | Found a staircase to the Snake Pit.
 19168 | Lair:2   | Reached XP level 13. HP: 94/122 MP: 12/12
 19576 | Lair:2   | Found a transporter.
 19576 | Lair:2   | Noticed boopmooplesden's ghost (journeyman MiBe)
 19581 | Lair:2   | Found a transporter.
 21009 | Lair:3   | Reached skill level 1 in Evocations
 21160 | Lair:3   | Reached **** piety under Wu Jian
 21813 | Lair:3   | Found a staircase to the Swamp.
 22833 | Lair:4   | Reached skill level 5 in Evocations
 23965 | Lair:4   | Identified the +3 scale mail of the Okapi {*Slow Regen+
                  | Dex+5 SInv}
 24453 | Lair:4   | Found a staircase to the Slime Pits.
 25062 | Lair:5   | Entered Level 5 of the Lair of Beasts
 26216 | Lair:5   | Noticed Kirke
 26255 | Lair:5   | Killed Kirke
 26319 | Lair:5   | Reached XP level 14. HP: 108/129 MP: 13/13
 26328 | Lair:5   | Reached ***** piety under Wu Jian
 26712 | Lair:5   | Reached skill level 10 in Evocations
 27116 | Lair:5   | Found a large runed translucent door.
 27117 | Lair:5   | Found a large runed translucent door.
 29697 | D:2      | Bought a scroll of identify for 26 gold pieces
 29697 | D:2      | Bought a scroll of identify for 26 gold pieces
 29697 | D:2      | Bought a scroll of amnesia for 52 gold pieces
 31769 | Orc:1    | Entered Level 1 of the Orcish Mines
 31797 | Orc:2    | Entered Level 2 of the Orcish Mines
 31877 | Orc:1    | Noticed Urug
 31892 | Orc:1    | Paralysed by an orc sorcerer for 4 turns
 31902 | Orc:1    | Killed Urug
 31923 | Orc:1    | Found a frozen archway.
 31932 | IceCv    | Entered an ice cave
 32123 | IceCv    | Reached skill level 15 in Fighting
 33286 | IceCv    | Noticed a frost giant
 33304 | IceCv    | Killed a frost giant
 33711 | IceCv    | Got the Dissertation on Cold
 34876 | Orc:1    | Noticed an orc warlord
 34896 | Orc:1    | Killed an orc warlord
 35479 | Orc:2    | Found Soog's Distillery.
 35789 | Orc:2    | Shot with a bolt by an orc knight

Illustrated notes

Levels and vault maps discovered:
D:1:      minmay_arrival_solitary_statue, layout_loops_ring
D:2:      layout_loops_cross, serial_shops, shop, chequers_garden, hex_medium
D:3:      layout_rooms, hellmonk_ecumenical_altar_heavens_door, uniq_robin,
          uniq_natasha
D:4:      layout_rooms, elyvilon_altar_3
D:5:      layout_loops_cross, serial_bayou_ford_a, solitary_fountain,
          kennysheep_cluttered_room
D:6:      layout_rooms, mainiacjoe_overflow_surrounded_room, fedhas_altar_4,
          nicolae_eternal_life, kennysheep_donut
D:7:      minmay_spotlight, layout_loops_ring, minmay_temple_entry_sparse_star,
          uniq_joseph, uniq_prince_ribbit1
D:8:      layout_loops_ring, vehumet_crystals, nicolae_stop_n_shop_2,
          uniq_maggie, uniq_gastronok
D:9:      layout_stronghold, marbit_many_paths, minmay_misc_feat_nine_boxes,
          evilmike_butchery
D:10:     layout_roguey, dpeg_lair_monsters, gammafunk_ghost_arena,
          minmay_statue_bubble
D:11:     layout_loops_ring, orc_0_dummy, serial_park_tiny_2,
          minmay_misc_feat_cross
D:12:     layout_irregular_city
D:13:     minmay_stepped, layout_cross, ximxim_vaults_locker_room, uniq_snorg,
          uniq_sonja
Temple:   sentei_temple_godly_chess
Lair:1:   layout_hall_layers, wad_woods_road_05, uniq_fannar
Lair:2:   layout_gridlike, minmay_snake_entry_guardpost_medium,
          gammafunk_ghost_hive, chequers_serial_rivers_small_b,
          dreamdust_wasp_nest
Lair:3:   layout_regular_city, nicolae_swamp_entry_splash_gauntlet
Lair:4:   layout_long_grid, nicolae_slime_entry_slimehenge, grunt_megastairs_5,
          infiniplex_staircase_pool_2
Lair:5:   cheibrodos_lair_end_hotspot, layout_gridlike, uniq_kirke
Orc:1:    layout_diamond_mine, portal_ice_cave_entry_pillars_2,
          minmay_orc_barracks, uniq_urug
Orc:2:    pubby_orc_utopia

Skill      XL: |  1  2  3  4  5  6  7  8  9 10 11 12 13 14 |
---------------+-------------------------------------------+-----
Armour         | 4 6 7 8 10 12 16 17 | 17.6
Shields        | 4 5 |  5.0
Fighting       | 5 8 12 13 17 | 17.0
Axes           | 5 |  5.0
Dodging        | 8 13 | 13.8
Evocations     | 9 11 | 11.0

Action                   |  1- 3 |  4- 6 |  7- 9 | 10-12 | 13-15 || total
-------------------------+-------+-------+-------+-------+-------++-------
Melee: Whip              |    81 |    96 |       |     3 |     6 ||   186
       Headbutt          |    11 |    28 |    47 |   222 |   291 ||   599
       War axe           |     2 |       |       |       |   194 ||   196
       Hand axe          |       |    91 |   263 |   705 |   648 ||  1707
       Short sword       |       |       |       |    24 |       ||    24
       Flail             |       |       |       |    23 |    12 ||    35
       Long sword        |       |       |       |     7 |    25 ||    32
       Broad axe         |       |       |       |       |   166 ||   166
 Fire: Sling             |       |       |     6 |    12 |    49 ||    67
Throw: Dart              |       |     6 |    13 |    25 |     2 ||    46
       Throwing net      |       |       |       |       |     1 ||     1
Invok: Lunge             |       |       |     1 |    40 |    52 ||    93
       Whirlwind         |       |       |       |    12 |    47 ||    59
       Serpent's Lash    |       |       |       |       |     2 ||     2
       Heavenly Storm    |       |       |       |       |     1 ||     1
 Abil: Wall Jump         |       |       |       |     1 |     2 ||     3
Evoke: Wand              |       |       |       |       |    10 ||    10
  Use: Scroll            |     4 |       |     1 |     7 |    15 ||    27
       Potion            |       |       |       |     4 |     7 ||    11
 Stab: Paralysed         |       |       |       |       |     5 ||     5
       Invisible         |       |       |       |       |     1 ||     1
       Sleeping          |       |       |       |       |     1 ||     1
Armor: Scale mail        |    37 |    60 |       |       |       ||    97
       Chain mail        |       |    26 |   137 |   176 |   352 ||   691
       Swamp dragon scal |       |       |     7 |    62 |       ||    69
       Plate armour      |       |       |       |       |    48 ||    48
       Ring mail         |       |       |       |       |    39 ||    39
       Skin              |       |       |       |       |    28 ||    28
Dodge: Dodged            |    43 |    66 |    92 |   336 |   634 ||  1171
       Repelled          |       |       |     2 |     8 |    20 ||    30
Block: Buckler           |    14 |    32 |    68 |   278 |   538 ||   930
       Reflection        |       |       |     7 |     7 |    13 ||    27
